 Dungeon Crawl Stone Soup version 0.31-a0-161-gb58dd9be76 (webtiles) character file.

Game seed: 1417398454599906880

9599 Pooter the Cleaver (level 11, -17/100 HPs)
             Began as a Minotaur Berserker on June 12, 2023.
             Was an Elder of Trog.
             Demolished by a three-headed hydra simulacrum (38 damage)
             ... in an ice cave.
             The game lasted 01:05:26 (16367 turns).

Pooter the Cleaver (Minotaur Berserker)            Turns: 16367, Time: 01:05:26

Health: -17/100    AC: 15    Str: 26    XL:     11   Next: 25%
Magic:  10/10      EV:  8    Int:  4    God:    Trog [****..]
Gold:   1147       SH:  0    Dex: 16    Spells: 10/10 levels left

rFire   . . .        a - +3 war axe (heavy)
rCold   . . .        (no shield)
rNeg    . . .        E - +1 plate armour
rPois   .            (helmet restricted)
rElec   .            m - +2 cloak
rCorr   .            (no gloves)
SInv    +            (no boots)
Will    ++...        (no amulet) Stlth
                     j - +6 ring of dexterity
HPRegen 1.36/turn    S - ring of see invisible
MPRegen 0.12/turn

%: no passive effects
@: strong-willed (expiring), on berserk cooldown, regenerating (expiring),
slowed, very slow
A: horns 2, retaliatory headbutt
a: Renounce Religion, Berserk, Trog's Hand, Brothers in Arms


You were in an ice cave.
You worshipped Trog.
Trog was greatly pleased with you.
You visited 2 branches of the dungeon, and saw 12 of its levels.
You also visited: Ice Cave.

You collected 1329 gold pieces.
You spent 182 gold pieces at shops.

Inventory:

Hand Weapons
 a - a +3 heavy war axe (weapon)
   (You took it off an orc priest on level 5 of the Dungeon)
 b - a +0 heavy arbalest
   (You took it off an orc warrior on level 9 of the Dungeon)
 y - a +0 broad axe of flaming
   (You found it on level 5 of the Dungeon)
 H - a +3 morningstar
   (You took it off a wight on level 9 of the Dungeon)
Missiles
 g - 8 poisoned darts (quivered)
 q - a throwing net {!f}
 u - a boomerang
 Q - 112 stones
Armour
 m - a +2 cloak (worn)
   (You found it on level 2 of the Dungeon)
 E - a +1 plate armour (worn)
   (You found it on level 7 of the Dungeon)
Jewellery
 j - a +6 ring of dexterity (left hand)
   (You found it on level 2 of the Dungeon)
 N - a ring of positive energy
   (You found it on level 5 of the Dungeon)
 S - a ring of see invisible (right hand)
   (You found it on level 5 of the Dungeon)
Wands
 d - a wand of charming (23)
   (You found it on level 2 of the Dungeon)
 f - a wand of flame (27)
   (You found it on level 6 of the Dungeon)
 x - a wand of acid (20)
   (You found it on level 4 of the Dungeon)
 z - a wand of polymorph (6)
   (You found it on level 9 of the Dungeon)
 D - a wand of digging (6)
   (You found it on level 10 of the Dungeon)
Scrolls
 c - 3 scrolls of blinking
 h - 2 scrolls of silence
 k - a scroll of revelation
 n - a scroll of immolation {!r}
 s - 3 scrolls of summoning
 t - 2 scrolls of teleportation {@r4}
 v - a scroll of vulnerability {!r}
Potions
 e - 2 potions of attraction {!q}
 l - 6 potions of curing {@q1}
 o - a potion of enlightenment
 p - a potion of might
 r - 2 potions of ambrosia
 w - 2 potions of invisibility
 A - a potion of heal wounds {@q2}
 B - 4 potions of mutation {!q}
 C - a potion of cancellation


   Skills:
 + Level 10.2 Fighting
 * Level 13.7 Axes
 * Level 11.9 Ranged Weapons
 - Level 2.4 Armour
 - Level 2.1 Dodging
 - Level 1.9 Stealth


You had 10 spell levels left.
You didn't know any spells.
Your spell library was empty.

Dungeon Overview and Level Annotations

Branches:
Dungeon (10/15)            Temple (0/1) D:4            Lair (0/5) D:9
    Orc (2/2) D:9           IceCv (1/1)
    Elf: Orc:2

Altars:
Elyvilon
Fedhas
Qazlal
Vehumet
Wu Jian
Zin

Shops:
D:3 *   D:4 *   D:5 (   D:6 [

Annotations:
D:9 3 runed translucent doors, nicknak712's ghost, novice DsFi


Innate Abilities, Weirdness & Mutations

You have a pair of horns on your head.
You reflexively headbutt those who attack you in melee.


Message History

The harpy simulacrum closely misses you.
You furiously retaliate!
You headbutt the harpy simulacrum.
The harpy simulacrum claws you but does no damage.
A red film seems to cover your vision as you go berserk!
You feel yourself moving faster!
You feel mighty!
The harpy simulacrum closely misses you.
The harpy simulacrum barely misses you.
The harpy simulacrum claws you but does no damage.
The harpy simulacrum claws you. The harpy simulacrum freezes you!!
The harpy simulacrum claws you but does no damage.
The harpy simulacrum claws you. The harpy simulacrum freezes you!
The harpy simulacrum claws you! The harpy simulacrum freezes you!
The harpy simulacrum claws you but does no damage.
You slice the harpy simulacrum like a ripe choko!!!
Trog accepts your kill.
You barely miss the harpy simulacrum. The harpy simulacrum barely misses you.
The harpy simulacrum claws you but does no damage. x2
The harpy simulacrum claws you. The harpy simulacrum freezes you!
* * * LOW HITPOINT WARNING * * *
Unknown command.
Really walk into that cloud of freezing vapour? [Y]es or [N]o only, please.
Really walk into that cloud of freezing vapour? [Y]es or [N]o only, please.
Really walk into that cloud of freezing vapour? [Y]es or [N]o only, please.
Really walk into that cloud of freezing vapour?
Okay, then.
Unknown command.
Unknown command.
You slice the harpy simulacrum!! Trog accepts your kill.
You feel a strong urge to attack something.
You feel your anger nearly subside.
You are no longer berserk.
You are exhausted.
You feel yourself slow down.
You start resting.
A three-headed hydra simulacrum comes into view.
Your skin crawls.
You feel strong-willed.
You feel the effects of Trog's Hand fading.
The three-headed hydra simulacrum attacks as you move away!
The three-headed hydra simulacrum bites you.
The three-headed hydra simulacrum freezes you!!
* * * LOW HITPOINT WARNING * * *
The three-headed hydra simulacrum bites you but does no damage.
The three-headed hydra simulacrum bites you.
* * * LOW HITPOINT WARNING * * *
The three-headed hydra simulacrum freezes you!!!
You die...

##..##
##..# ##.#
#...#
#..## #.##
#...# #.##
#.##
##..##
#..# #..#
#...###..#
##.#
##...###.#
##.#
##..###.#
###.##
#..Z#.##
#.#.#
##.@#.#
##...#
##...#
#.#.##
##.##
##.##.#
###
#.##.##
#..#.##
##.##.##
#..#..#
##.##.#
####
#..####


You could see a three-headed hydra simulacrum.

Vanquished Creatures
  A two-headed ogre (D:10)
  Pikel (D:5)
  An ice statue (IceCv)
  2 kobold demonologists (D:9)
  An anaconda simulacrum (IceCv)
  A troll (D:10)
  A hornet (D:10)
  Prince Ribbit (D:5)
  The ghost of zeez the Stinger, an amateur HuWn (D:7)
  A shadow (D:9)
  3 yaks (D:9)
  2 wraiths
  3 steam dragons
  Menkaure (D:5)
  2 harpy simulacra (IceCv)
  7 orc warriors
  3 sky beasts
  A black bear (D:5)
  3 ogres (D:6)
  A centaur (D:7)
  2 phantoms (D:5)
  A bullfrog (D:9)
  A cane toad simulacrum (IceCv)
  A gnoll sergeant (D:9)
  4 scorpions
  7 two-headed ogre simulacra (IceCv)
  9 wights
  2 elephant simulacra (IceCv)
  9 killer bees
  4 howler monkeys
  3 jellies
  5 orc priests
  2 hounds
  A gnoll bouda (D:4)
  A sleepcap (D:5)
  Terence (D:3)
  3 iguanas
  Natasha (thrice) (D:4)
  10 orc wizards
  6 spriggan simulacra (IceCv)
  A polar bear simulacrum (IceCv)
  6 troll simulacra (IceCv)
  A wolf simulacrum (IceCv)
  12 gnolls
  4 adders
  2 naga simulacra (IceCv)
  2 shadow imps (D:6)
  15 white imps
  7 ufetubi
  A worm (D:2)
  2 dart slugs (D:2)
  62 orcs
  5 ball pythons
  3 bats
  16 endoplasms
  3 giant cockroaches
  7 goblins
  12 hobgoblins
  4 jackals (D:1)
  17 kobolds
  5 quokkas (D:1)
  4 frilled lizards
  6 rats
309 creatures vanquished.

Vanquished Creatures (others)
  An orc (D:9)
1 creature vanquished.

Grand Total: 310 creatures vanquished

Notes
Turn   | Place    | Note
-------+----------+-------------------------------------------
     0 | D:1      | Pooter the Minotaur Berserker began the quest for the Orb.
     0 | D:1      | Reached XP level 1. HP: 19/19 MP: 0/0
   101 | D:1      | Reached XP level 2. HP: 27/27 MP: 1/1
   106 | D:1      | Reached skill level 4 in Axes
   129 | D:1      | Reached skill level 1 in Stealth
   405 | D:1      | Reached XP level 3. HP: 26/33 MP: 2/2
   417 | D:1      | Reached ** piety under Trog
   710 | D:2      | Found a stormy altar of Qazlal.
   866 | D:2      | Found a faded altar of an unknown god.
  1014 | D:2      | Reached XP level 4. HP: 29/40 MP: 3/3
  1788 | D:2      | Reached skill level 5 in Axes
  1788 | D:2      | Reached skill level 1 in Ranged Weapons
  1903 | D:2      | Reached *** piety under Trog
  1978 | D:2      | Reached XP level 5. HP: 47/47 MP: 4/4
  2407 | D:3      | Noticed Terence
  2420 | D:3      | Killed Terence
  3107 | D:3      | Reached XP level 6. HP: 55/55 MP: 5/5
  3248 | D:3      | Found Uklo's General Store.
  3253 | D:3      | Bought a scroll of identify for 28 gold pieces
  3448 | D:3      | Found a radiant altar of Vehumet.
  3682 | D:4      | Reached skill level 6 in Axes
  3741 | D:4      | Reached skill level 5 in Fighting
  4180 | D:4      | Found Ckhlytt's Commerce Corner.
  4188 | D:4      | Bought a potion of curing for 42 gold pieces
  4310 | D:4      | Found a staircase to the Ecumenical Temple.
  4311 | D:4      | Noticed Natasha
  4320 | D:4      | Killed Natasha
  4325 | D:4      | Reached XP level 7. HP: 61/61 MP: 6/6
  4432 | D:4      | Found a glowing silver altar of Zin.
  4433 | D:4      | Noticed an angel
  5201 | D:5      | Entered Level 5 of the Dungeon
  5284 | D:5      | Reached skill level 7 in Axes
  5398 | D:5      | Reached skill level 5 in Ranged Weapons
  5466 | D:5      | Noticed Menkaure
  5472 | D:5      | Killed Menkaure
  5571 | D:5      | Reached XP level 8. HP: 70/70 MP: 7/7
  5596 | D:5      | Reached skill level 8 in Axes
  5609 | D:5      | Noticed Pikel
  5620 | D:5      | Killed Pikel
  5838 | D:5      | Reached skill level 9 in Axes
  5896 | D:5      | Noticed Prince Ribbit
  5901 | D:5      | Killed Prince Ribbit
  5995 | D:5      | Reached XP level 9. HP: 79/79 MP: 8/8
  6149 | D:5      | Found Orao's Weapon Emporium.
  6432 | D:6      | Reached skill level 10 in Axes
  6681 | D:6      | Found Felos's Armour Shop.
  7577 | D:7      | Reached skill level 11 in Axes
  8698 | D:7      | Found a runed translucent door.
  8699 | D:7      | Noticed zeez's ghost (amateur HuWn)
  8707 | D:7      | Killed zeez's ghost
  9181 | D:8      | Reached XP level 10. HP: 89/90 MP: 9/9
 10294 | D:9      | Found a blossoming altar of Fedhas.
 10803 | D:4      | Noticed Natasha
 10805 | D:4      | Killed Natasha
 10819 | D:4      | Noticed Natasha
 10826 | D:4      | Killed Natasha
 10831 | D:4      | Bought a potion of cancellation for 112 gold pieces
 10969 | D:9      | Reached skill level 10 in Ranged Weapons
 10973 | D:9      | Reached skill level 12 in Axes
 11054 | D:9      | Found a white marble altar of Elyvilon.
 11188 | D:9      | Reached **** piety under Trog
 11346 | D:9      | Found a staircase to the Orcish Mines.
 11370 | Orc:1    | Entered Level 1 of the Orcish Mines
 11462 | D:9      | Found a staircase to the Lair.
 11815 | D:9      | Found a runed translucent gate.
 11815 | D:9      | Found a runed translucent gate.
 11815 | D:9      | Found a runed translucent gate.
 11962 | D:9      | Noticed nicknak712's ghost (novice DsFi)
 12185 | D:9      | Found an ornate altar of the Wu Jian Council.
 12301 | D:10     | Entered Level 10 of the Dungeon
 12366 | D:10     | Noticed a two-headed ogre
 12372 | D:10     | Killed a two-headed ogre
 12373 | D:10     | Reached skill level 13 in Axes
 13012 | D:10     | Paralysed by a hornet for 2 turns
 13815 | Orc:2    | Entered Level 2 of the Orcish Mines
 14051 | Orc:2    | Reached XP level 11. HP: 70/99 MP: 10/10
 14204 | Orc:2    | Found a frozen archway.
 14220 | IceCv    | Entered an ice cave
 15604 | IceCv    | Reached skill level 10 in Fighting
 16367 | IceCv    | Demolished by a three-headed hydra simulacrum

Illustrated notes

Levels and vault maps discovered:
D:1:      dpeg_arrival_more_subterranean_lakeside_camping, layout_rooms,
          minmay_misc_feat_tiny, nicolae_concentric_dashed_squares_mild,
          kennysheep_decorative_pillar, dk_noncrumbling_4
D:2:      cheibrodos_fertilizer, layout_basic,
          shapermc_ecumenical_altar_acropolis, basic_altar
D:3:      layout_basic, lemuel_coloured_pillars_altar, serial_shops, shop,
          uniq_terence
D:4:      layout_gridville, zin_angel, minmay_temple_entry_overgrown,
          nicolae_alphabet_shops, minmay_fountain_box, uniq_natasha
D:5:      layout_loops_ring, serial_shops, shop, minmay_gold_behind_fungi,
          uniq_menkaure, uniq_pikel, uniq_prince_ribbit1
D:6:      layout_basic, serial_shops, nicolae_shop_tiny_real_fake_doors,
          corexii_item_surrounded_by_moat, kennysheep_windowed_goal
D:7:      layout_basic, ebering_ghost_reflecting_pool
D:8:      layout_gridville, enter_bailey_2
D:9:      layout_stronghold, nicolae_overflow_hidden_temple,
          mainiacjoe_overflow_big_doors, lair_entry_dummy, hiddenorc1_lemuel,
          gammafunk_ghost_split
D:10:     layout_basic, lightli_orcish_oven
Orc:1:    layout_diamond_mine
Orc:2:    grunt_orc_cross, layout_diamond_mine, portal_ice_cave_entry_imps
IceCv:    ice_cave_caverns_01

Skill      XL: |  1  2  3  4  5  6  7  8  9 10 11 |
---------------+----------------------------------+-----
Axes           | 4 5 6 7 9 11 13 | 13.7
Stealth        | 1 |  1.9
Fighting       | 4 5 6 7 8 9 10 | 10.2
Ranged Weapons | 1 2 4 5 7 9 11 | 11.9
Armour         | |  2.4
Dodging        | |  2.1

Action                     |  1- 3 |  4- 6 |  7- 9 | 10-12 || total
---------------------------+-------+-------+-------+-------++-------
  Melee: Hand axe          |    91 |     6 |       |       ||    97
         Punch             |     2 |       |     2 |     1 ||     5
         Headbutt          |    16 |     6 |    19 |    23 ||    64
         Halberd           |       |    41 |    21 |       ||    62
         Broad axe         |       |       |    19 |       ||    19
         War axe           |       |       |    64 |   122 ||   186
   Fire: Sling             |       |   107 |    86 |       ||   193
         Orcbow            |       |       |    10 |    24 ||    34
         Arbalest          |       |       |       |    75 ||    75
  Throw: Dart              |     2 |       |       |       ||     2
         Boomerang         |       |       |       |     2 ||     2
 Invoke: Berserk           |     2 |     6 |     6 |     3 ||    17
         Trog's Hand       |       |     4 |     5 |    10 ||    19
  Evoke: Wand              |       |       |       |     7 ||     7
    Use: Scroll            |     6 |     3 |     8 |     9 ||    26
         Potion            |       |     5 |       |     2 ||     7
   Stab: Sleeping          |     2 |       |       |       ||     2
 Armour: Animal skin       |    15 |     4 |       |       ||    19
         Scale mail        |       |    35 |       |       ||    35
         Chain mail        |       |       |    47 |       ||    47
         Plate armour      |       |       |    11 |   157 ||   168
  Dodge: Dodged            |    50 |    44 |    59 |    96 ||   249

Table legend: (Time is in decaauts)
 A = Elapsed time spent in this place.
 B = Non-inter-level travel time spent in this place.
 C = Inter-level travel time spent in this place.
 D = Time resting spent in this place.
 E = Time spent auto-exploring this place.
 F = Levels seen in this place.
 G = Mean time per level.
                   A        B        C        D        E       F      G
               +--------+--------+--------+--------+--------+-----+--------+
         Total |  16741 |  16056 |    685 |   7115 |   6512 |  13 | 1287.8 |
       Dungeon |  14021 |  13352 |    669 |   4969 |   6427 |  10 | 1402.1 |
  Orcish Mines |    523 |    507 |     16 |    320 |     85 |   2 |  261.5 |
      Ice Cave |   2196 |   2196 |      0 |   1826 |      0 |   1 | 2196.0 |
               +--------+--------+--------+--------+--------+-----+--------+

Top non-repeatable levels by time:
   IceCv: 2196 daAuts
     D:9: 2142 daAuts
     D:4: 1614 daAuts
     D:2: 1613 daAuts
     D:7: 1521 daAuts
     D:3: 1473 daAuts
    D:10: 1459 daAuts
     D:6: 1207 daAuts
     D:8: 1192 daAuts
     D:5: 1126 daAuts
     D:1: 672 daAuts
   Orc:2: 419 daAuts
   Orc:1: 103 daAuts
